 Dungeon Crawl Stone Soup version 0.31-a0-889-g1a8549509d (webtiles) character file.

Game seed: 5456052515384551852

177 javelincjr the Changeling (level 5, -5/46 HPs)
             Began as a Troll Shapeshifter on Oct 16, 2023.
             Slain by a gnoll
             ... wielding a +0 halberd
              (9 damage)
             ... on level 4 of the Dungeon.
             The game lasted 00:06:45 (2299 turns).

javelincjr the Changeling (Troll Shapeshifter)      Turns: 2299, Time: 00:06:45

Health: -5/46      AC:  4    Str: 24    XL:     5   Next: 30%
Magic:  4/4        EV:  9    Int:  6    God:
Gold:   91         SH:  0    Dex:  9    Spells: 4/4 levels left

rFire   . . .        n - +4 quarterstaff (chaos)
rCold   . . .        (shield currently unavailable)
rNeg    . . .        a - +0 animal skin
rPois   .            (helmet currently unavailable)
rElec   .            (cloak currently unavailable)
rCorr   .            (gloves unavailable)
SInv    .            (boots unavailable)
Will    .....        y - amulet of regeneration
Stlth   +            (no ring)
HPRegen 1.87/turn    (no ring)
MPRegen 0.09/turn

%: no passive effects
@: beast-form
A: beast (slay +3), large, unfitting armour, claws 3, regeneration 1, shaggy fur
1, tough skin 1
a: Begin Untransformation


You were on level 4 of the Dungeon.
You were a hulking beast.
You visited 1 branch of the dungeon, and saw 4 of its levels.

You collected 162 gold pieces.
You spent 71 gold pieces at shops.

Inventory:

Hand Weapons
 n - a +4 quarterstaff of chaos (weapon)
 q - a +3 dagger of venom
Armour
 a - a +0 animal skin (worn)
 o - a +0 cloak
Jewellery
 y - an amulet of regeneration (around neck)
Talismans
 c - a beast talisman (active)
 d - a flux talisman
Wands
 k - a wand of flame (15)
 r - a wand of charming (11)
Scrolls
 e - a scroll of teleportation {unknown}
 f - a scroll of enchant weapon {unknown}
 g - 4 scrolls of identify
 h - a scroll of butterflies {unknown}
 i - 3 scrolls of vulnerability {unknown}
 j - a scroll of silence {unknown}
 s - a scroll of enchant armour {unknown}
 u - a scroll of amnesia {unknown}
 w - 2 scrolls of noise {unknown}
Potions
 b - a potion of lignification
 l - a potion of might {unknown}
 m - a potion of cancellation {unknown}
 p - a potion of berserk rage {unknown}
 t - 2 potions of curing {unknown}
 v - a potion of mutation {unknown}
 x - a potion of ambrosia {unknown}
 z - a potion of heal wounds {unknown}
 A - a potion of degeneration {unknown}


   Skills:
 - Level 0.7 Fighting
 - Level 1.5 Dodging
 - Level 3.0 Unarmed Combat
 * Level 5.7 Shapeshifting


You had 4 spell levels left.
You didn't know any spells.
Your spell library contained the following spells:

 Spells                   Type           Power      Damage    Failure   Level
 Sublimation of Blood     Necr           0%         N/A       58%         2
 Wereblood                Tmut           0%         N/A       58%         2
 Dazzling Flash           Conj/Hex       0%         N/A       83%         3
 Ozocubu's Armour         Ice            0%         N/A       83%         3
 Agony                    Necr           0%         N/A       100%        5
 Metabolic Englaciation   Hex/Ice        0%         N/A       100%        5
 Silence                  Hex/Air        0%         N/A       100%        5
 Simulacrum               Ice/Necr       0%         N/A       100%        6
 Summon Hydra             Summ           0%         N/A       100%        7


Dungeon Overview and Level Annotations

Branches:
Dungeon (4/15)
 Temple: D:4-7

Altars:
Uskayaw

Shops:
D:3 *(?*


Innate Abilities, Weirdness & Mutations

You are a hulking beast.
Your limbs bulge with bestial killing power. (Slay +3)
You are too large for most types of armour.
You have claws for hands.
Your natural rate of healing is unusually fast.
You are covered in fur. (AC +1)
You have tough skin. (AC +1)


Message History

Found a quarterstaff, a sedimented silvery potion and 2 poisoned darts.
There is a stone staircase leading up here.
Found a hand axe.
A gnoll comes into view. It is wielding a +0 halberd.
The gnoll shouts!
You hear a shout!
You hear a bark!
No target in view!
No target in view!
No target in view!
A hound comes into view.
The gnoll closely misses you.
You barely miss the gnoll. The gnoll hits you with a +0 halberd!
A gnoll comes into view. It is wielding a +0 halberd.
The gnoll shouts!
You hit the gnoll.
The gnoll suddenly seems more resistant.
The gnoll is moderately wounded.
You hear a shout!
The gnoll completely misses you.
The gnoll hits you from afar with a +0 halberd!
You sock the gnoll!
The gnoll is almost dead.
The gnoll hits you with a +0 halberd! The gnoll misses you.
You are too injured to fight recklessly!
You are too injured to fight recklessly!
Unknown command.
You are too injured to fight recklessly!
You are too injured to fight recklessly!
You sock the gnoll!
You kill the gnoll!
The gnoll hits you from afar with a +0 halberd. x2
A gnoll comes into view. It is wielding a +0 halberd.
The gnoll attacks as it pursues you!
The gnoll hits you from afar with a +0 halberd!
* * * LOW HITPOINT WARNING * * *
A hobgoblin comes into view.
There is a stone staircase leading up here.
The hound bites you.
* * * LOW HITPOINT WARNING * * *
The gnoll hits you from afar with a +0 halberd!
You die...

.....# ...##.
....# ......
...##......
...#....^.
#).....(..
###g........
#..g........
..g###.h.....!...
.......h.........
...###...........
#.........).
#.....###...
........ ...
.......... .
............
#...........


You could see a hound, 2 gnolls and a hobgoblin.

Vanquished Creatures
  Crazy Yiuf (D:2)
  An orc wizard (D:3)
  4 adders
  A gnoll (D:4)
  5 dart slugs
  3 orcs (D:3)
  5 endoplasms
  A giant cockroach (D:3)
  3 goblins
  4 hobgoblins
  2 jackals (D:2)
  3 quokkas
  5 ball pythons
  8 bats
  3 frilled lizards (D:1)
  9 kobolds
  9 rats
67 creatures vanquished.

Notes
Turn   | Place    | Note
-------+----------+-------------------------------------------
     0 | D:1      | javelincjr the Troll Shapeshifter began the quest for the
                  | Orb.
     0 | D:1      | Reached XP level 1. HP: 18/18 MP: 0/0
    35 | D:1      | Found a faded altar of an unknown god.
   158 | D:1      | Reached XP level 2. HP: 26/26 MP: 1/1
   660 | D:2      | Reached skill level 4 in Shapeshifting
   675 | D:2      | Reached XP level 3. HP: 31/32 MP: 2/2
   677 | D:2      | Found a hide-covered altar of Uskayaw.
   968 | D:2      | Reached XP level 4. HP: 37/40 MP: 3/3
  1050 | D:2      | Found a runed translucent door.
  1051 | D:2      | Noticed Crazy Yiuf
  1056 | D:2      | Killed Crazy Yiuf
  1057 | D:2      | Reached skill level 5 in Shapeshifting
  1491 | D:3      | Found Fusetidgh's Magic Scroll Shoppe.
  1502 | D:3      | Bought a scroll of identify for 26 gold pieces
  1625 | D:3      | Found Jus App's Assorted Antiques.
  1677 | D:3      | Found a hide-covered altar of Uskayaw.
  1895 | D:3      | Found Mahopn's Antique Weapon Shop.
  1952 | D:3      | Reached XP level 5. HP: 41/46 MP: 4/4
  2013 | D:3      | Found Riptak's Assorted Antiques.
  2021 | D:3      | Bought a scroll labelled VUN XADGHAISO for 24 gold pieces
  2021 | D:3      | Bought a ruby potion for 21 gold pieces
  2299 | D:4      | Slain by a gnoll

Illustrated notes

Levels and vault maps discovered:
D:1:      minmay_arrival_semitransparent, layout_loops_ring,
          shapermc_ecumenical_altar_venn
D:2:      layout_basic, basic_altar, minmay_3d_cube, uniq_crazy_yiuf_cottage
D:3:      layout_basic, eat_drink_and_be_merry_uskayaw, serial_shops, shop,
          shop, nicolae_shop_real_fake_doors, nicolae_shop_tiny_real_fake_doors,
          minmay_misc_feat_pillars
D:4:      layout_cave_pools, dreamdust_gnoll_farm

Skill      XL: |  1  2  3  4 |
---------------+-------------+-----
Shapeshifting  | 4 5 |  5.7
Fighting       | |  0.7
Dodging        | |  1.5
Unarmed Combat | |  3.0

Action                     |  1- 3 |  4- 6 || total
---------------------------+-------+-------++-------
  Melee: Unarmed           |    88 |     3 ||    91
         Punch             |     4 |       ||     4
         Quarterstaff      |       |    39 ||    39
   Stab: Sleeping          |     1 |     1 ||     2
 Armour: Animal skin       |    48 |    29 ||    77
  Dodge: Dodged            |    27 |    24 ||    51

Table legend: (Time is in decaauts)
 A = Elapsed time spent in this place.
 B = Non-inter-level travel time spent in this place.
 C = Inter-level travel time spent in this place.
 D = Time resting spent in this place.
 E = Time spent auto-exploring this place.
 F = Levels seen in this place.
 G = Mean time per level.
                   A        B        C        D        E       F      G
               +--------+--------+--------+--------+--------+-----+--------+
         Total |   2304 |   2238 |     66 |      0 |   1882 |   4 |  576.0 |
       Dungeon |   2304 |   2238 |     66 |      0 |   1882 |   4 |  576.0 |
               +--------+--------+--------+--------+--------+-----+--------+

Top non-repeatable levels by time:
     D:2: 856 daAuts
     D:3: 855 daAuts
     D:1: 577 daAuts
     D:4: 14 daAuts
